[Event "*** Titled Tuesday Blitz"]
[Site "Chess.com"]
[Date "2020.05.05"]
[Round "10"]
[White "NefeLV"]
[Black "tan275"]
[Result "0-1"]
[WhiteElo "1794"]
[BlackElo "2166"]
[TimeControl "180+1"]
[EndTime "11:58:50 PDT"]
[Termination "tan275 won by resignation"]

1. c4 e6 2. d4 d5 3. Nf3 Be7 4. e3 Nf6 5. Bd3 O-O 6. O-O b6 7. Nbd2 Bb7 8. Ne5 Nbd7 9. f4 Ne4 10. Qc2 f5 11. Nxe4 dxe4 12. Be2 c5 13. Bd2 cxd4 14.
exd4 Nxe5 15. dxe5 Bc5+ 16. Kh1 Qh4 17. b4 Bd4 18.
Rab1 e3 19. Be1 Qh6 20. c5 Be4 21. Bd3 Bxd3 22. Qxd3 Rfd8 23. Qc4 Rac8 24. Rd1 bxc5 25. bxc5 Rxc5 26. Qa6 Rcd5 27. Ba5 Bb6 28. Rxd5 exd5 29. Bxb6 Qxb6 30. Qa4 d4 31. Qc4+ Kh8 32. e6 Qd6 33.
Rc1 d3 34. e7 Qxe7 35. Qc6 d2 36. Rd1 e2 0-1

[Event "*** Titled Tuesday Blitz"]
[Site "Chess.com"]
[Date "2020.05.05"]
[Round "10"]
[White "Gerasimenyuk_Miha"]
[Black "mfwagnerpeixoto"]
[Result "0-1"]
[WhiteElo "2325"]
[BlackElo "2215"]
[TimeControl "180+1"]
[EndTime "11:58:53 PDT"]
[Termination "mfwagnerpeixoto won by resignation"]

1. e4 c5 2. f4 Nc6 3. Nf3 e6 4. Nc3 a6 5. e5 d5 6. exd6 Qxd6 7. Bd3 Qxf4 8. O-O Nf6 9. Qe2 Bd6 10. Ne4 Nxe4 11. Bxe4 Nd4 12. Qf2 Nxf3+ 13. gxf3 f5 14. d4 Qxh2+ 15. Qxh2 Bxh2+ 16. Kxh2 fxe4 17. fxe4 cxd4 18. Bf4 O-O 19. Be5 Bd7 20. Bxd4 Bc6 21. Rxf8+ Rxf8 22. Re1 Rf4 23. Rg1 g6 24. c3 Rxe4 25. Rf1 Re2+ 26. Kg3 Rxb2 27. Kg4 Be4 28. Kg5 Bf5 29. Kf6 e5 30.
Bxe5 Rb6+ 31. Kg5 Kf7 32. Bd4 Rb2 33. Re1 Rxa2 34. Re5 Rg2+ 35. Kf4 Rg4+ 36. Kf3 h5 37. Rc5 Re4 38. Rc7+ Re7 39. Rc5 h4 40. Be5 h3 41.
Rd5 Rd7 42. Rc5 Ke6 43. Bg3 Rd3+ 44. Kf4 Rd2 45. Re5+ Kd7 46. Re1 Rd3 47. c4 Rd4+ 48. Ke5 Rxc4 49. Rd1+ Kc6 50. Rd6+ Kb5 51. Bf2 h2 52.
Rb6+ Ka4 0-1

[Event "*** Titled Tuesday Blitz"]
[Site "Chess.com"]
[Date "2020.05.05"]
[Round "10"]
[White "Roenko_Artur"]
[Black "Azoulas1"]
[Result "1-0"]
[WhiteElo "2182"]
[BlackElo "1906"]
[TimeControl "180+1"]
[EndTime "11:58:53 PDT"]
[Termination "Roenko_Artur won by checkmate"]

1. e4 c5 2. d4 cxd4 3. c3 Nf6 4. e5 Nd5 5. cxd4 e6 6. Nc3 Nxc3 7. bxc3 b6 8. Nf3 Bb7 9. Bd3 d6 10. O-O Nd7 11. Ng5 Be7 12. Nxh7 g6 13. Nf6+ Nxf6 14. exf6 Bxf6 15. Bb5+ Kf8 16. Qg4 Kg7 17. Bd2 Rc8 18.
h3 Rh4 19. Qg3 e5 20. dxe5 Bxe5 21. f4 Bf6 22. f5 Be5 23. Qf2 Rc5 24. fxg6 fxg6 25.
Qf7+ Kh8 26. Bd3 Bg7 27. Qxb7 Rc7 28. Qf3 Qe7 29. Rae1 Qd7 30. Qe3 Rc8 31. Bxg6 Rg8 32. Bf5 Qc6 33. Qf3 Be5 34. Qxc6 Rg3 35. Qe8+ Kg7 36.
Rxe5 dxe5 37. Qxe5+ Kf8 38. Qxg3 Rxh3 39. Qxh3 Ke7 40.
Qh6 Kd8 41. Qe6 Kc7 42. Bf4+ Kb7 43. Be4+ Ka6 44. Qc4+ Ka5 45. Qb4+ Ka6 46. Qa4# 1-0

[Event "*** Titled Tuesday Blitz"]
[Site "Chess.com"]
[Date "2020.05.05"]
[Round "10"]
[White "Jbd735"]
[Black "PowerThinking2650"]
[Result "1-0"]
[WhiteElo "2436"]
[BlackElo "2285"]
[TimeControl "180+1"]
[EndTime "11:58:54 PDT"]
[Termination "Jbd735 won by resignation"]

1. e4 e5 2. Nf3 Nc6 3. Bb5 a6 4. Ba4 Nf6 5. O-O Be7 6. Re1 b5 7. Bb3 d6 8. c3 O-O 9. h3 Bb7 10. d4 Re8 11. Nbd2 Bf8 12. Bc2 h6 13.
Nf1 exd4 14. cxd4 Nb4 15. Ng3 Nxc2 16. Qxc2 d5 17. e5 Ne4 18. Bf4 c5 19. Rad1 Nxg3 20. Bxg3 c4 21. Nh4 b4 22. f4 a5 23. f5 a4 24. Qe2 b3 25. axb3 axb3 26. Qg4 Qg5 27.
Qf3 Ra2 28. Re2 Bb4 29. e6 fxe6 30. Rxe6 Rf8 31. Rg6 Qe7 32. Be5 Rf7 33. f6 Qe6 34. Nf5 Bf8 35. Nxh6+ Kh7 36. Nxf7 Qxf7 37. Qh5+ Kg8 38.
fxg7 1-0

[Event "*** Titled Tuesday Blitz"]
[Site "Chess.com"]
[Date "2020.05.05"]
[Round "10"]
[White "Harut-1998"]
[Black "Zq1"]
[Result "1-0"]
[WhiteElo "2753"]
[BlackElo "2571"]
[TimeControl "180+1"]
[EndTime "11:58:55 PDT"]
[Termination "Harut-1998 won by resignation"]

1. d4 Nf6 2. Nf3 e6 3. c4 a6 4. g3 c5 5. d5 b5 6. Bg2 exd5 7. cxd5 d6 8. a4 Bb7 9. O-O Be7 10. Nh4 g6 11. axb5 axb5 12. Rxa8 Bxa8 13. Na3 b4 14. Nc4 O-O 15. e4 Nbd7 16. Qc2 Ng4 17. Nf3 Nb6 18. Nfd2 Bf6 19. Nxb6 Qxb6 20. Nc4 Qb5 21.
Nxd6 Qa6 22. Nc4 Rc8 23. Bh3 h5 24. f3 Bd4+ 25. Kh1 b3 26. Qxb3 Re8 27. fxg4 Rxe4 28. Bg2 Bxd5 29. Qb8+ Kg7 30. Nd2 Qe2 31. Nxe4 Bxe4 32.
Bh6+ Kh7 33. Rxf7+ Kxh6 34. Qf4+ g5 35. Qxe4 1-0

[Event "*** Titled Tuesday Blitz"]
[Site "Chess.com"]
[Date "2020.05.05"]
[Round "10"]
[White "arminmusovic"]
[Black "CroissantNeuf"]
[Result "0-1"]
[WhiteElo "2482"]
[BlackElo "2359"]
[TimeControl "180+1"]
[EndTime "11:58:55 PDT"]
[Termination "CroissantNeuf won by resignation"]

1. a3 e5 2. Nc3 d5 3. d4 exd4 4. Qxd4 Nf6 5. e4 Nc6 6. Bb5 Bd7 7. Bxc6 Bxc6 8. e5 Ne4 9. Nxe4 dxe4 10. Ne2 Qxd4 11.
Nxd4 Ba4 12. Be3 O-O-O 13. O-O-O Re8 14. f4 exf3 15. Nxf3 Bc6 16. Bd4 Be7 17. Rhe1 Bxf3 18. gxf3 Bg5+ 19. Kb1 Re6 20. Re4 g6 21. Rg4 Be7 22. c3 Rd8 23. Kc2 c5 24. Bf2 Rxd1 25. Kxd1 Rxe5 26. b4 Rh5 27. h4 Re5 28. Rf4 f5 29. Rc4 b5 30. Rf4 g5 31. hxg5 Bxg5 32. Bg3 Bxf4 33. Bxf4 Rd5+ 34. Kc2 c4 35. Bh6 Rd3 36. f4 Rh3 37. Bg5 h6 38. Bf6 Rh2+ 39. Kc1 Kd7 40. Bd4 a6 41. Kb1 Ke6 42. Bc5 Kd5 43. Bg1 Rh1 44. Ka2 Rxg1 45. a4 0-1

[Event "*** Titled Tuesday Blitz"]
[Site "Chess.com"]
[Date "2020.05.05"]
[Round "10"]
[White "xamax2000"]
[Black "Zhuu96"]
[Result "1/2-1/2"]
[WhiteElo "2716"]
[BlackElo "2909"]
[TimeControl "180+1"]
[EndTime "11:58:57 PDT"]
[Termination "Game drawn by agreement"]

1. e4 c5 2. Nf3 d6 3. Bb5+ Nd7 4.
d4 cxd4 5. Qxd4 e5 6. Qd3 a6 7. Bxd7+ Bxd7 8. Nc3 h6 9. Nd2 Rc8 10. Nc4 Qc7 11. Ne3 Nf6 12. O-O b5 13. a4 b4 14.
Ncd5 Nxd5 15. Nxd5 Qxc2 16. Qxa6 Qxe4 17. Nb6 Rb8 18. Qa7 Qb7 19. Qxb7 Rxb7 20. a5 Bb5 21. Be3 Bxf1 22. Kxf1 Be7 23. a6 Rxb6 24. Bxb6 Kd7 25. Ra4 d5 26. f4 Kc6 27. a7 Ra8 28. Bf2 f6 29. fxe5 fxe5 30. Ra6+ Kc7 31. Re6 Bd6 32. Rg6 d4 33. Ke2 Rxa7 34. Rxg7+ Kb6 35. Rxa7 Kxa7 36.
Kd3 Kb6 37. b3 h5 38. Ke4 Kc6 39. h3 Kd7 40. g4 hxg4 41. hxg4 Ke6 42. Be1 Kf6 43. Bd2 Kg6 44. Bc1 Kf6 45. Bd2 Ke6 46.
Bc1 Be7 47. Bd2 Bf8 48. Bc1 Kf6 49. Bd2 Bd6 50. Bc1 Kg6 51. Bd2 Kf7 52. Bc1 Bc7 53.
Bd2 Bd6 54. Bc1 Ke6 55. Bd2 1/2-1/2

[Event "*** Titled Tuesday Blitz"]
[Site "Chess.com"]
[Date "2020.05.05"]
[Round "10"]
[White "blitzking1729"]
[Black "archess2"]
[Result "0-1"]
[WhiteElo "2495"]
[BlackElo "2312"]
[TimeControl "180+1"]
[EndTime "11:58:57 PDT"]
[Termination "archess2 won on time"]

1. Nf3 d5 2. c4 c6 3. d4 Nf6 4. Qc2 dxc4 5. Qxc4 Bf5 6. g3 e6 7. Bg2 Nbd7 8. O-O Be7 9. Nbd2 O-O 10. e3 Ne4 11. Qe2 Nxd2 12. Nxd2 Bg6 13. Nc4 Rc8 14. Bd2 b5 15. Na5 Qb6 16. Rfc1 c5 17. dxc5 Nxc5 18.
b4 Ne4 19. Be1 Bf6 20. Rxc8 Rxc8 21. Rd1 Nc3 22. Bxc3 Bxc3 23. Nc6 Bf6 24. Rc1 Rc7 25. Rc5 a6 26. Qd2 h6 27. Qd6 Kh7 28. Qd2 e5 29. h4 h5 30. Qc1 e4 31. Nd4 Rd7 32.
Nb3 Qd8 33. Qc2 Qe7 34. Rc6 Qxb4 35. Kh2 a5 36. Nc5 Rd2 0-1

[Event "*** Titled Tuesday Blitz"]
[Site "Chess.com"]
[Date "2020.05.05"]
[Round "10"]
[White "Manukyan_Artak"]
[Black "mariofs"]
[Result "0-1"]
[WhiteElo "2314"]
[BlackElo "2176"]
[TimeControl "180+1"]
[EndTime "11:58:57 PDT"]
[Termination "mariofs won on time"]

1. e4 c5 2. Nf3 Nc6 3. c3 Nf6 4. e5 Nd5 5. d4 cxd4 6. cxd4 d6 7. Nc3 Nxc3 8. bxc3 d5 9. Bd3 Bg4 10. h3 Bxf3 11. Qxf3 e6 12. O-O Rc8 13. Qg3 a6 14.
f4 Qa5 15. Bb1 g6 16. a4 Be7 17. Qd3 Qc7 18. g4 Na5 19. Rf3 h5 20. f5 hxg4 21. hxg4 gxf5 22. gxf5 Rg8+ 23. Kf2 Bh4+ 24. Kf1 Nb3 25.
fxe6 fxe6 26. Qh7 Qxh7 27. Bxh7 Rg7 28. Rb1 Nxc1 29. Bf5 exf5 30. Rxc1 Ke7 31. Rb1 Rc7 32.
Rb6 Bg5 33. Rxf5 Rf7 34. Rxf7+ Kxf7 35. Ke2 Bd8 36. Rd6 Ke7 37. Kd3 Rc4 0-1

[Event "*** Titled Tuesday Blitz"]
[Site "Chess.com"]
[Date "2020.05.05"]
[Round "10"]
[White "Alexander_Donchenko"]
[Black "Savagelittlemole"]
[Result "1-0"]
[WhiteElo "2780"]
[BlackElo "2573"]
[TimeControl "180+1"]
[EndTime "11:58:58 PDT"]
[Termination "Alexander_Donchenko won by resignation"]

1. e4 c5 2. Nf3 d6 3. Bb5+ Nd7 4. O-O a6 5. Bd3 Ngf6 6. Re1 g6 7. c3 Bg7 8. Bc2 O-O 9. d4 cxd4 10. cxd4 b5 11.
Nc3 Bb7 12. a3 Rc8 13. Bg5 Nb6 14. Qe2 Nc4 15. Bb3 Na5 16. Ba2 h6 17. Bf4 Nh5 18.
Be3 Nc4 19. Bxc4 Rxc4 20. e5 Bxf3 21. Qxf3 dxe5 22. dxe5 Bxe5 23. Bxh6 Bg7 24. Rad1 Qb8 25. Bxg7 Nxg7 26. Nd5 Nf5 27. Nxe7+ Nxe7 28. Rxe7 b4 29. g3 bxa3 30. bxa3 Qb2 31. Rdd7 Rc3 32. Qf4 Qc1+ 33.
Qxc1 Rxc1+ 34. Kg2 Rc3 35. Re3 Rfc8 36. Rdd3 Rxd3 37.
Rxd3 Rc6 38. h4 Kg7 39. g4 Rc4 40. Kg3 Ra4 41. f3 Ra5 42. f4 Ra4 43. g5 Ra5 44. Kg4 Ra4 45. Rc3 Ra5 46. h5 gxh5+ 47. Kxh5 f6 48.
Rc7+ Kf8 49. Kg6 fxg5 50. f5 Rxa3 51. f6 Ke8 52. f7+ Kf8 53. Rc8+ Ke7 54. f8=Q+ 1-0

[Event "*** Titled Tuesday Blitz"]
[Site "Chess.com"]
[Date "2020.05.05"]
[Round "10"]
[White "Arjun2002"]
[Black "Love_craft"]
[Result "1-0"]
[WhiteElo "2637"]
[BlackElo "2460"]
[TimeControl "180+1"]
[EndTime "11:58:58 PDT"]
[Termination "Arjun2002 won on time"]

1. e4 g6 2. d4 Bg7 3. c3 d6 4.
Bd3 Nd7 5. Nf3 e5 6. O-O Ngf6 7.
h3 O-O 8. Re1 Qe7 9. Nbd2 b6 10.
a4 a5 11. b3 Rd8 12. Ba3 Qe8 13. Qc2 Bb7 14. Rad1 Nh5 15. Bf1 Nf4 16. g3 Ne6 17. d5 Nef8 18. b4 f6 19. Bb5 Ra7 20. bxa5 Rxa5 21. Bb4 Ra7 22. Nc4 Qf7 23. a5 Bh6 24. Ra1 Rda8 25. Bxd6 cxd6 26. Nxd6 Qe7 27. Nxb7 Rxb7 28. Bc6 Rab8 29. Bxb7 Rxb7 30. axb6 Rxb6 31. Reb1 Qc5 32. Ra8 Rxb1+ 33. Qxb1 Qxc3 34. Kg2 Nc5 35. d6 Qc4 36. Rc8 Kg7 37. Qb6 Nfd7 38. Qd8 1-0

[Event "*** Titled Tuesday Blitz"]
[Site "Chess.com"]
[Date "2020.05.05"]
[Round "10"]
[White "northridgehawk"]
[Black "petrkostenko"]
[Result "0-1"]
[WhiteElo "2275"]
[BlackElo "2433"]
[TimeControl "180+1"]
[EndTime "11:58:58 PDT"]
[Termination "petrkostenko won by resignation"]

1. e4 c6 2. d4 d5 3. e5 Bf5 4. Nc3 e6 5. g4 Bg6 6. Nge2 f6 7.
Nf4 fxe5 8. Nxg6 hxg6 9. dxe5 Nd7 10. Bf4 Qb6 11. Qd2 Qxb2 12. Rb1 Qa3 13. Bd3 O-O-O 14. O-O g5 15. Bg3 Nh6 16. Rb3 Qa5 17. Qxg5 Nc5 18. Rfb1 Rd7 19. Nb5 Nxb3 20. Rxb3 cxb5 21. Bxb5 Rc7 22.
Qg6 Kb8 23. Qe8+ Rc8 24. Qxe6 Bb4 25. a4 Bc5 26. Qxd5 Nxg4 27. Bd7 Qe1+ 28. Kg2 Rxh2+ 29. Kf3 Rxf2+ 30. Kxg4 Qe2+ 31. Rf3 Qxf3+ 32. Qxf3 Rxf3 33. e6+ Rxg3+ 34. Kxg3 Rf8 35. Kg4 Be7 36. c4 Kc7 37. a5 Kd6 38. Kh5 g5 39. Kg6 g4 40.
Kg7 g3 41. a6 b6 0-1

[Event "*** Titled Tuesday Blitz"]
[Site "Chess.com"]
[Date "2020.05.05"]
[Round "10"]
[White "Aleksandar-Topalov"]
[Black "vangulio"]
[Result "1/2-1/2"]
[WhiteElo "2412"]
[BlackElo "2530"]
[TimeControl "180+1"]
[EndTime "11:58:59 PDT"]
[Termination "Game drawn by repetition"]

1. b3 Nf6 2. Bb2 g6 3. Bxf6 exf6 4. c4 d5 5. cxd5 Qxd5 6. Nc3 Qd8 7. a3 c6 8. e3 Bd6 9. Nge2 O-O 10. g3 Na6 11. b4 Nc7 12. Bg2 a5 13. Rb1 axb4 14. axb4 Qe7 15. b5 Bf5 16. Rb3 Bd3 17. bxc6 bxc6 18.
O-O Ra6 19. Nd5 cxd5 20. Rxd3 Be5 21. Qc2 Rd8 22. Nd4 Bxd4 23. Rxd4 Rad6 24. Qb3 Ne6 25. Rxd5 Rxd5 26. Bxd5 Nc7 27. Bc4 Rxd2 28. Ra1 Ne6 29.
h4 Nc5 30. Ra8+ Kg7 31. Qb8 Ne4 32. Qg8+ Kh6 33. Ra2 Rxa2 34. Bxa2 Nxg3 35. Bxf7 Nf5 36. h5 gxh5 37. Bd5 Qg7+ 38. Qxg7+ Nxg7 39. Kg2 f5 40. Kg3 Kg5 41. f4+ Kf6 42. Kh4 h6 43. Bf3 Kg6 44. Be2 Kf6 45. Bf3 Kg6 46. Be2 Kf6 47. Bf3 1/2-1/2

[Event "*** Titled Tuesday Blitz"]
[Site "Chess.com"]
[Date "2020.05.05"]
[Round "10"]
[White "m-garcett"]
[Black "IAgrest"]
[Result "1-0"]
[WhiteElo "2063"]
[BlackElo "2247"]
[TimeControl "180+1"]
[EndTime "11:58:59 PDT"]
[Termination "m-garcett won by checkmate"]

1. e4 e5 2. Nf3 Nc6 3. Bb5 a6 4. Ba4 Nf6 5. O-O Bc5 6. c3 b5 7. Bb3 d6 8. d4 Bb6 9. dxe5 dxe5 10. Qxd8+ Nxd8 11. Nxe5 Nxe4 12. Bd5 Bb7 13. Bxe4 Bxe4 14. Re1 f5 15. Nd2 O-O 16. Nxe4 fxe4 17. Be3 Re8 18.
Bxb6 cxb6 19. Rxe4 Nf7 20. Rae1 Nd6 21. R4e2 Rac8 22.
g3 a5 23. f4 a4 24. Rd1 Nc4 25. Kf2 a3 26. bxa3 Nxa3 27. Rd6 Rxc3 28. Rxb6 h6 29. Rb7 Rc1 30. Rd2 Kh7 31. Rdd7 Rg8 32. Ng4 Kg6 33.
Rb6+ Kf5 34. Ne3+ Ke4 35. Re6# 1-0

[Event "*** Titled Tuesday Blitz"]
[Site "Chess.com"]
[Date "2020.05.05"]
[Round "10"]
[White "AryanTari"]
[Black "Sashadav97"]
[Result "1-0"]
[WhiteElo "2881"]
[BlackElo "2760"]
[TimeControl "180+1"]
[EndTime "11:59:00 PDT"]
[Termination "AryanTari won on time"]

1. e4 c5 2. Nf3 Nc6 3. Bb5 g6 4. Bxc6 dxc6 5. d3 Bg7 6. h3 Nf6 7. Nc3 Nd7 8. Be3 e5 9. Qd2 h6 10. O-O b6 11. Nh2 Nf8 12. f4 exf4 13. Rxf4 g5 14.
Rf2 Be6 15. Nf3 Ng6 16. d4 O-O 17. Rd1 Qe7 18. Ne2 Rad8 19. c3 Qc7 20. Rdf1 Bxa2 21. Qc2 Bc4 22. e5 Bxe2 23. Rxe2 cxd4 24. cxd4 c5 25. e6 Rde8 26. d5 Qd6 27. Nd2 f5 28. Rxf5 Ne7 29. Nc4 Nxf5 30. Nxd6 Nxd6 31. Bf2 Rf5 32. Rd2 Be5 33. Re2 Bg7 34. Kh2 1-0

[Event "*** Titled Tuesday Blitz"]
[Site "Chess.com"]
[Date "2020.05.05"]
[Round "10"]
[White "Vamostodorecto"]
[Black "Omk124"]
[Result "0-1"]
[WhiteElo "2503"]
[BlackElo "2411"]
[TimeControl "180+1"]
[EndTime "11:59:00 PDT"]
[Termination "Omk124 won on time"]

1. d4 Nf6 2. c4 g6 3. Nc3 d5 4.
g4 Bxg4 5. Qb3 Bc8 6. cxd5 Bg7 7. e4 O-O 8. Bg2 Nfd7 9. Nge2 c5 10. Be3 cxd4 11. Bxd4 Bxd4 12. Nxd4 Na6 13. O-O Ndc5 14. Qc4 e5 15. Nde2 Bd7 16. a4 Rc8 17. Qa2 Nb4 18.
Qb1 a5 19. f4 Nb3 20. fxe5 Nxa1 21. Qxa1 Qe7 22. Nd4 Qxe5 23. Nf3 Qc7 24. Qc1 Bg4 25. Qh6 Bxf3 26. Rxf3 Qe5 27. Rh3 Qg7 28. Qxg7+ Kxg7 29.
e5 Rfe8 30. Re3 Rcd8 31. Kf2 f6 32. e6 f5 33. Re1 Nd3+ 34. Ke2 Nxe1 35. Kxe1 Kf6 36.
Kd2 Ke5 37. Kd3 Rxe6 38. Kc4 Red6 39. Nb5 Rxd5 40. Bxd5 Rxd5 41. Nc7 Rd7 42. Nb5 f4 43. b4 f3 0-1

[Event "*** Titled Tuesday Blitz"]
[Site "Chess.com"]
[Date "2020.05.05"]
[Round "10"]
[White "DrVitman"]
[Black "LiamVrolijk"]
[Result "0-1"]
[WhiteElo "2542"]
[BlackElo "2752"]
[TimeControl "180+1"]
[EndTime "11:59:01 PDT"]
[Termination "LiamVrolijk won by resignation"]

1. e4 e5 2. Nf3 Nc6 3. Bb5 a6 4.
Ba4 Nf6 5. Bxc6 dxc6 6. d3 Qd6 7. h3 Be6 8. Qe2 O-O-O 9. Nbd2 Be7 10. Ng5 h6 11. Nxe6 Qxe6 12. b3 Bb4 13. Bb2 Bxd2+ 14. Kxd2 Nd7 15. Rae1 h5 16. Rhf1 f6 17. Kc1 Qd6 18.
Qe3 g5 19. g3 h4 20. g4 Nc5 21. Kb1 Ne6 22. Rd1 b6 23. Qf3 Rhf8 24. Bc1 Kb7 25. Be3 a5 26. Qe2 a4 27. Qd2 c5 28.
Qc3 Ra8 29. Kc1 Nd4 30. Kd2 Rfd8 31. Rb1 Nb5 32. Qb2 Qc6 33. Ke2 axb3 34. axb3 Ra2 35.
Qc1 Nc3+ 36. Kf3 Nxb1 37. Qxb1 Rda8 38. Qd1 Qb5 39. Qd2 Qb4 40. Qe2 Qc3 41. Rc1 Ra1 42. Kg2 Rxc1 43. Bxc1 Ra2 44. Qf3 Qxc2 45. Be3 Qxd3 46.
Qxf6 Qxe4+ 47. Kh2 Ra1 0-1

[Event "*** Titled Tuesday Blitz"]
[Site "Chess.com"]
[Date "2020.05.05"]
[Round "10"]
[White "ajdemipopushi"]
[Black "Unknown_IM"]
[Result "0-1"]
[WhiteElo "2302"]
[BlackElo "2520"]
[TimeControl "180+1"]
[EndTime "11:59:01 PDT"]
[Termination "Unknown_IM won on time"]

1. Nf3 Nf6 2. g3 b5 3. Bg2 Bb7 4. Na3 a6 5. c4 e5 6. b3 e4 7. Ng5 h6 8. Nh3 Bc5 9. O-O d5 10. cxb5 O-O 11. bxa6 Bxa6 12. Nc2 Nc6 13. d3 Re8 14. Bb2 Ng4 15. Nf4 e3 16. fxe3 Bxe3+ 17. Nxe3 Nxe3 18. Qc1 Nxf1 19. Qxc6 Ne3 20. Bf3 Qd6 21. Qc3 d4 22. Qc1 Rad8 23. Ba3 Qf6 24. Qxc7 Rc8 25. Qd6 Nc2 26. Rf1 Nxa3 27. Qxa3 Qb6 28.
Bd5 Rf8 29. Qe7 Rce8 0-1

[Event "*** Titled Tuesday Blitz"]
[Site "Chess.com"]
[Date "2020.05.05"]
[Round "10"]
[White "Abund"]
[Black "WastefulJustice"]
[Result "0-1"]
[WhiteElo "2593"]
[BlackElo "2374"]
[TimeControl "180+1"]
[EndTime "11:59:01 PDT"]
[Termination "WastefulJustice won on time"]

1. Nf3 Nf6 2. c4 g6 3. Nc3 Bg7 4. e4 O-O 5. d4 d6 6. Be2 e5 7. O-O Nc6 8. d5 Ne7 9. Bg5 Nd7 10. b4 h6 11. Bd2 f5 12. Ne1 Nf6 13. exf5 gxf5 14.
f4 Ng6 15. Nd3 e4 16. Nf2 Kh7 17. Rc1 Rg8 18. Kh1 Bd7 19. Be3 Qe7 20. Rg1 a5 21. a3 axb4 22. axb4 Bh8 23. Qd2 h5 24. h3 Ng4 25. Ra1 Qh4 26. Rxa8 Rxa8 27. Ncd1 Ra3 28.
g3 Nxf2+ 29. Nxf2 Qf6 30. Bxh5 Rb3 31. Bxg6+ Qxg6 32. Rc1 Qxg3 33. Re1 Bc3 34. Qe2 Bxe1 35. Qh5+ Kg8 36. Qg6+ Qxg6 0-1

[Event "*** Titled Tuesday Blitz"]
[Site "Chess.com"]
[Date "2020.05.05"]
[Round "10"]
[White "Lunow"]
[Black "elsemenova"]
[Result "0-1"]
[WhiteElo "2216"]
[BlackElo "2404"]
[TimeControl "180+1"]
[EndTime "11:59:01 PDT"]
[Termination "elsemenova won on time"]

1. c4 Nf6 2. g3 e6 3. Bg2 d5 4. Nf3 dxc4 5. Qa4+ Bd7 6. Qxc4 Bc6 7. Qc2 Be7 8. Nc3 O-O 9. O-O Nbd7 10. d4 b6 11. e4 Rc8 12. Rd1 Bb7 13. d5 exd5 14. e5 Ne8 15. Nxd5 Bxd5 16. Rxd5 c6 17. Rd1 Nc7 18.
Qxc6 Nxe5 19. Qc2 Nxf3+ 20. Bxf3 Qe8 21. Bb7 Rd8 22. Bf4 Ne6 23. Rxd8 Qxd8 24. Rd1 Nd4 25. Qe4 Bf6 26. Be5 Bxe5 27. Qxe5 Qd7 28. Bg2 Rd8 0-1

[Event "*** Titled Tuesday Blitz"]
[Site "Chess.com"]
[Date "2020.05.05"]
[Round "10"]
[White "Mesa_1"]
[Black "MarcoRiehle"]
[Result "0-1"]
[WhiteElo "2454"]
[BlackElo "2604"]
[TimeControl "180+1"]
[EndTime "11:59:03 PDT"]
[Termination "MarcoRiehle won by resignation"]

1. Nf3 c5 2. c4 Nf6 3. Nc3 d5 4. cxd5 Nxd5 5. e4 Nxc3 6. bxc3 e6 7. Rb1 Nc6 8. d4 cxd4 9. cxd4 Bb4+ 10. Bd2 Bxd2+ 11.
Qxd2 O-O 12. Bb5 Bd7 13. O-O a6 14. Bd3 b5 15. d5 exd5 16. exd5 Ne7 17. d6 Ng6 18.
Rbd1 Rc8 19. Bxg6 hxg6 20. Ne5 Re8 21. Rfe1 Re6 22. Qd4 Rc2 23. Qa7 Rxe5 24. Rxe5 Be6 25. Qe7 Qb6 26. Re3 Qd4 27. Rde1 Rd2 28. Qd8+ Kh7 29.
Qg5 Qxd6 30. Re4 Rxa2 31. Rh4+ Kg8 32. h3 Qd2 33. Rf1 Qxg5 0-1

[Event "*** Titled Tuesday Blitz"]
[Site "Chess.com"]
[Date "2020.05.05"]
[Round "10"]
[White "MFBerna"]
[Black "FedaMaster"]
[Result "1-0"]
[WhiteElo "2366"]
[BlackElo "2513"]
[TimeControl "180+1"]
[EndTime "11:59:03 PDT"]
[Termination "MFBerna won on time"]

1. e4 d5 2. exd5 Qxd5 3. Qf3 Qd6 4. Nc3 Nc6 5. Bb5 Bd7 6. Nge2 a6 7. Ba4 e5 8. d3 f5 9. Be3 O-O-O 10. O-O-O Nf6 11.
d4 e4 12. Qg3 Qb4 13. d5 Nb8 14. a3 Qa5 15. b4 Bxb4 16. axb4 Qxb4 17. Bb3 a5 18. Qxg7 Rdf8 19. Rd4 Qa3+ 20. Kd2 Rhg8 21. Qh6 Na6 22. Rc4 b5 23. Rc6 Bxc6 24. dxc6 Qd6+ 25. Kc1 a4 26. Bxg8 Rxg8 27. Rd1 Qa3+ 28. Kd2 1-0

[Event "*** Titled Tuesday Blitz"]
[Site "Chess.com"]
[Date "2020.05.05"]
[Round "10"]
[White "Perimir"]
[Black "UCantHandleDenker"]
[Result "1-0"]
[WhiteElo "2371"]
[BlackElo "2544"]
[TimeControl "180+1"]
[EndTime "11:59:03 PDT"]
[Termination "Perimir won on time"]

1. e4 c5 2. Nc3 d6 3. g3 g6 4. Bg2 Bg7 5. d3 Nc6 6. Be3 Nf6 7. h3 Rb8 8. Qd2 O-O 9. Nge2 b5 10. O-O b4 11.
Nd1 a5 12. Bh6 Ba6 13. Bxg7 Kxg7 14. f4 Qb6 15. Kh2 c4 16. Ne3 cxd3 17. cxd3 Rfc8 18. f5 Nd4 19. Nf4 Bb7 20. fxg6 hxg6 21. Rf2 e5 22.
Ne2 Nxe2 23. Qxe2 Rf8 24. Raf1 Ng8 25. Ng4 Bc8 26. Ne3 Be6 27. h4 Qc7 28. h5 Nh6 29. Rf6 Qc5 30. Bh3 Bxh3 31. Kxh3 Rh8 32. Qf3 Rbf8 33.
Kg2 Qd4 34. Nd5 Qxb2+ 35. Rf2 Qd4 36. hxg6 a4 37. gxf7 1-0

[Event "*** Titled Tuesday Blitz"]
[Site "Chess.com"]
[Date "2020.05.05"]
[Round "10"]
[White "Fins0905"]
[Black "Pomegranate988"]
[Result "0-1"]
[WhiteElo "2622"]
[BlackElo "2498"]
[TimeControl "180+1"]
[EndTime "11:59:04 PDT"]
[Termination "Pomegranate988 won on time"]

1. e4 c6 2. d4 d5 3. e5 Bf5 4. h4 h5 5. c4 e6 6. Nc3 Be7 7. Qb3 Qb6 8. c5 Qc7 9. Nf3 Nd7 10. Bf4 b6 11. cxb6 axb6 12. a3 Nh6 13. Be2 Bg4 14. Rc1 Nf5 15. Qd1 Bxf3 16. Bxf3 g6 17. g3 Qa7 18. Be2 b5 19. Be3 b4 20. axb4 Bxb4 21.
O-O Be7 22. Ra1 Qb7 23. Rxa8+ Qxa8 24. Qa4 Qb7 25. Qa6 Qxb2 26. Qxc6 O-O 27. Rb1 Qa3 28. Nb5 Qa2 29. Nc3 Qa7 30. Rb7 Nb8 31. Qc7 Qa1+ 32. Nd1 Na6 0-1

[Event "*** Titled Tuesday Blitz"]
[Site "Chess.com"]
[Date "2020.05.05"]
[Round "10"]
[White "Boudicca64"]
[Black "Irina_Barchuk"]
[Result "0-1"]
[WhiteElo "1996"]
[BlackElo "2225"]
[TimeControl "180+1"]
[EndTime "11:59:04 PDT"]
[Termination "Irina_Barchuk won on time"]

1. d4 Nf6 2. c4 c5 3. d5 g6 4. Nc3 Bg7 5. e4 d6 6. h3 O-O 7.
Nf3 Na6 8. Bd3 e6 9. O-O Re8 10. Re1 e5 11. a3 h6 12. Bd2 Nh5 13. b4 cxb4 14. axb4 Nxb4 15. Bf1 Nf4 16. Na4 Na6 17. c5 Nxc5 18. Nxc5 dxc5 19. Bxf4 exf4 20. e5 b6 21. Bb5 Bd7 22. Qa4 Bxb5 23. Qxb5 Qxd5 24. Rad1 Qe6 25. Rd6 Qe7 26. Rd7 Qe6 27. Rd6 Qf5 28. Qc6 Rac8 29.
Qb7 c4 30. Rd7 g5 31. Nd4 Qg6 32. Nb5 Rc5 33. Nd6 Rexe5 34. Nxf7 Rxe1+ 35. Kh2 Qb1 36. Nxh6+ Bxh6 37. Qc8+ Bf8 38. Rg7+ Kxg7 39. Qd7+ Be7 40.
Qd4+ Bf6 41. Qd7+ Kg6 42. Qe8+ Rxe8 0-1

[Event "*** Titled Tuesday Blitz"]
[Site "Chess.com"]
[Date "2020.05.05"]
[Round "10"]
[White "gemarin"]
[Black "peixe64"]
[Result "1-0"]
[WhiteElo "1992"]
[BlackElo "2210"]
[TimeControl "180+1"]
[EndTime "11:59:04 PDT"]
[Termination "gemarin won by resignation"]

1. d4 Nf6 2. c4 e6 3. Nf3 b6 4.
a3 Bb7 5. Nc3 Be7 6. g3 O-O 7. Bg2 d5 8. Ne5 Qc8 9. cxd5 exd5 10.
O-O c6 11. Bf4 Nbd7 12. Rc1 Nh5 13. Bh3 f5 14. Nxd5 Bd6 15. Nxc6 Bxc6 16. Bxd6 Bxd5 17.
Rxc8 Rfxc8 18. e4 Bf7 19. Bxf5 Rd8 20. e5 Nf8 21. Bg4 g6 22. Bxh5 gxh5 23. d5 Ng6 24. Qf3 Rac8 25. Qf6 Bxd5 26. Rd1 Bb3 27. Re1 Rd7 28. Bb4 Rf7 29. Qg5 Rc2 30. Rf1 Bc4 31. e6 Bxe6 32. Qd8+ Kg7 33. Qd3 Bf5 34. Bc3+ Kg8 35.
Qd8+ Rf8 36. Qd5+ Rf7 37. Re1 Bd7 38. Bd4 h6 39. Qxh5 Kh7 40. Be3 Kg8 41. Qxg6+ 1-0